3AAA
SANTA BARBARA GOLDEN CRANES @ BRINKLEY BELUGAS
08/31/2027
 
TOP OF THE 1ST
Santa Barbara Golden Cranes batting - Pitching for Brinkley Belugas : RHP Juan Hernández
Pitching: RHP Juan Hernández
Batting: RHB Luis Trevino 0-0: Ground out 5-3 (Groundball, 5)
Batting: LHB Sixto Álvarez 0-0: Ground out 6-3 (Groundball, 6MD)
Batting: RHB Logan Manning 0-0: Ball
1-0: Foul Ball, location: 2F
1-1: Ball
2-1: Foul Ball, location: 2F
2-2: Strikes out swinging
Top of the 1st over - 0 run(s), 0 hit(s), 0 error(s), 0 left on base; Santa Barbara 0 - Brinkley 0
BOTTOM OF THE 1ST
Brinkley Belugas batting - Pitching for Santa Barbara Golden Cranes : LHP Marvin Mangin
Pitching: LHP Marvin Mangin
Batting: RHB Enrico Betancourt 0-0: Fly out, F4 (Popup, 4D)
Batting: RHB Jay Kidd 0-0: Ground out 5-3 (Groundball, 56)
Batting: RHB Brandon Cole 0-0: Ball
1-0: Ball
2-0: Ball
3-0: Called Strike
3-1: Base on Balls
Batting: LHB Mike Cook Balk!
Brandon Cole to second
0-0: Ground out 4-3 (Groundball, 4)
Bottom of the 1st over - 0 run(s), 0 hit(s), 0 error(s), 1 left on base; Santa Barbara 0 - Brinkley 0
TOP OF THE 2ND
Santa Barbara Golden Cranes batting - Pitching for Brinkley Belugas : RHP Juan Hernández
Batting: RHB Gilbert Graham 0-0: Foul Ball, location: 2F
0-1: Fly out, F5 (Line Drive, 5L)
Batting: RHB Lúcio Sánchez 0-0: Ball
1-0: Ball
2-0: Ball
3-0: SOLO HOME RUN (Flyball, 7D), Distance : 399 ft
Batting: RHB Edmund Gallagher 0-0: Called Strike
0-1: Ball
1-1: Swinging Strike
1-2: Foul Ball, location: 2F
1-2: Strikes out swinging
Batting: RHB John Moss 0-0: Called Strike
0-1: Foul Ball, location: 2F
0-2: Foul Ball, location: 2F
0-2: Fly out, F4 (Popup, 3D)
Top of the 2nd over - 1 run(s), 1 hit(s), 0 error(s), 0 left on base; Santa Barbara 1 - Brinkley 0
BOTTOM OF THE 2ND
Brinkley Belugas batting - Pitching for Santa Barbara Golden Cranes : LHP Marvin Mangin
Batting: RHB Parker Smith 0-0: Ball
1-0: Ball
2-0: Foul Ball, location: 2F
2-1: Foul Ball, location: 2F
2-2: Ball
3-2: Foul Ball, location: 2F
3-2: Base on Balls
Batting: SHB Zuberi Mccray 0-0: Ball
1-0: Foul Ball, location: 2F
1-1: Ball
2-1: Foul Ball, location: 2F
2-2: Ball
3-2: Base on Balls
Parker Smith to second
Batting: LHB Natale Langushi 0-0: Called Strike
0-1: Ball
1-1: Called Strike
1-2: Fielders Choice at 2nd, 3-6 (Groundball, 3)
Parker Smith to third
Batting: RHB Steve Jones 0-0: Ball
1-0: Foul Ball, location: 2F
1-1: Called Strike
1-2: Hit by Pitch
Natale Langushi to second
Batting: RHB Randy Tucker 0-0: Ball
1-0: Foul Ball, location: 2F
1-1: Fielders Choice at 2nd, 6-4 (Groundball, 56D)
Parker Smith scores
Natale Langushi to third
Batting: RHB Enrico Betancourt 0-0: Foul Ball, location: 2F
0-1: Ball
1-1: Ball
2-1: SINGLE (Line Drive, 8LS)
Natale Langushi scores
Randy Tucker to second
Runner from 2nd tries for 3rd, SAFE, no throw
Batting: RHB Jay Kidd 0-0: Ball
1-0: Called Strike
1-1: Swinging Strike
1-2: Ground out 6-3 (Groundball, 6D)
Bottom of the 2nd over - 2 run(s), 1 hit(s), 0 error(s), 2 left on base; Santa Barbara 1 - Brinkley 2
TOP OF THE 3RD
Santa Barbara Golden Cranes batting - Pitching for Brinkley Belugas : RHP Juan Hernández
Batting: RHB Ed St. James 0-0: Ball
1-0: Ground out 6-3 (Groundball, 6)
Batting: LHB Héctor Rivera 0-0: Ball
1-0: SINGLE (Line Drive, 8LS)
Batting: RHB Luis Trevino 0-0: Fly out, F9 (Flyball, 9LSF)
Batting: LHB Sixto Álvarez 0-0: Called Strike
0-1: Ball
1-1: Ball
2-1: Fielders Choice at 2nd, 5-4 (Groundball, 56)
Top of the 3rd over - 0 run(s), 1 hit(s), 0 error(s), 0 left on base; Santa Barbara 1 - Brinkley 2
BOTTOM OF THE 3RD
Brinkley Belugas batting - Pitching for Santa Barbara Golden Cranes : LHP Marvin Mangin
Batting: RHB Brandon Cole 0-0: SINGLE (Line Drive, 56)
Batting: LHB Mike Cook 0-0: Fly out, F3 (Popup, 3L)
Batting: RHB Parker Smith 0-0: Ball
1-0: Ball
2-0: Ball
3-0: Called Strike
3-1: Base on Balls
Brandon Cole to second
Batting: SHB Zuberi Mccray 0-0: Called Strike
0-1: Ball
1-1: Ball
2-1: Foul Ball, location: 2F
2-2: Fly out, F8 (Flyball, 78D)
Batting: LHB Natale Langushi 0-0: Ball
1-0: Foul Ball, location: 2F
1-1: Called Strike
1-2: Foul Ball, location: 2F
1-2: Foul Ball, location: 2F
1-2: Ball
2-2: Strikes out swinging
Bottom of the 3rd over - 0 run(s), 1 hit(s), 0 error(s), 2 left on base; Santa Barbara 1 - Brinkley 2
TOP OF THE 4TH
Santa Barbara Golden Cranes batting - Pitching for Brinkley Belugas : RHP Juan Hernández
Batting: RHB Logan Manning 0-0: Foul Ball, location: 2F
0-1: Foul Ball, location: 2F
0-2: Foul Ball, location: 2F
0-2: Strikes out swinging
Batting: RHB Gilbert Graham 0-0: Ball
1-0: Ball
2-0: Ball
3-0: Called Strike
3-1: Swinging Strike
3-2: SINGLE (Groundball, 56D)
Batting: RHB Lúcio Sánchez 0-0: Ball
1-0: Ball
2-0: Called Strike
2-1: Ball
3-1: Foul Ball, location: 2F
3-2: Base on Balls
Gilbert Graham to second
Batting: RHB Edmund Gallagher 0-0: Ground out 5-3 (Groundball, 56S)
Gilbert Graham to third
Lúcio Sánchez to second
Batting: RHB John Moss 0-0: Called Strike
0-1: Ball
1-1: Ball
2-1: Called Strike
2-2: Ball
3-2: Base on Balls
Batting: RHB Ed St. James 0-0: SINGLE (Line Drive, 34)
Gilbert Graham scores
Lúcio Sánchez to third
John Moss to second
Runner from 3rd tries for Home, SAFE, no throw
Batting: LHB Héctor Rivera 0-0: Ball
1-0: Fly out, F3 (Line Drive, 34)
Top of the 4th over - 2 run(s), 2 hit(s), 0 error(s), 2 left on base; Santa Barbara 3 - Brinkley 2
BOTTOM OF THE 4TH
Brinkley Belugas batting - Pitching for Santa Barbara Golden Cranes : LHP Marvin Mangin
Batting: RHB Steve Jones 0-0: Called Strike
0-1: Ground out 5-3 (Groundball, 5S)
Batting: RHB Randy Tucker 0-0: Called Strike
0-1: Ball
1-1: Called Strike
1-2: Ball
2-2: SINGLE (Line Drive, 4M)
Batting: RHB Enrico Betancourt 0-0: Ball
1-0: Ball
Randy Tucker is caught stealing 2nd base
2-0: Called Strike
2-1: Foul Ball, location: 2F
2-2: Ground out 5-3 (Groundball, 56)
Bottom of the 4th over - 0 run(s), 1 hit(s), 0 error(s), 0 left on base; Santa Barbara 3 - Brinkley 2
TOP OF THE 5TH
Santa Barbara Golden Cranes batting - Pitching for Brinkley Belugas : RHP Juan Hernández
Batting: RHB Luis Trevino 0-0: Ball
1-0: Ball
2-0: Called Strike
2-1: Called Strike
2-2: Foul Ball, location: 2F
2-2: Foul Ball, location: 2F
2-2: Strikes out swinging
Batting: LHB Sixto Álvarez 0-0: Ground out 6-3 (Groundball, 6)
Batting: RHB Logan Manning 0-0: Ball
1-0: DOUBLE (Flyball, 89D)
Batting: RHB Gilbert Graham 0-0: Intentional Walk
Batting: RHB Lúcio Sánchez 0-0: Ball
1-0: SINGLE (Groundball, 6MD)
Logan Manning to third
Gilbert Graham to second
Runner from 3rd tries for Home, SAFE, no throw
Batting: RHB Edmund Gallagher 0-0: Fly out, F3 (Popup, 3L)
Top of the 5th over - 1 run(s), 2 hit(s), 0 error(s), 2 left on base; Santa Barbara 4 - Brinkley 2
BOTTOM OF THE 5TH
Brinkley Belugas batting - Pitching for Santa Barbara Golden Cranes : LHP Marvin Mangin
Batting: RHB Jay Kidd 0-0: SINGLE (Flyball, 7)
Batting: RHB Brandon Cole 0-0: Ball
1-0: Called Strike
1-1: Called Strike
1-2: Ball
2-2: SINGLE (Line Drive, 7LS)
Jay Kidd to second
Batting: LHB Mike Cook 0-0: Ball
1-0: Ball
2-0: Ball
3-0: Called Strike
3-1: Foul Ball, location: 2F
3-2: Foul Ball, location: 2F
3-2: Foul Ball, location: 2F
3-2: SINGLE (Line Drive, 8LS)
Jay Kidd to third
Brandon Cole to second
Runner from 3rd tries for Home, SAFE, no throw
Batting: RHB Parker Smith 0-0: Ball
1-0: Ball
2-0: Ball
3-0: Base on Balls
Brandon Cole to third
Mike Cook to second
Batting: SHB Zuberi Mccray 0-0: Called Strike
0-1: Ball
1-1: Ball
2-1: Swinging Strike
2-2: Ball
3-2: Strikes out looking
Batting: LHB Natale Langushi 0-0: Fly out, F8 (Flyball, 78D)
Runner from 3rd tags up, OUT at HOME
Bottom of the 5th over - 1 run(s), 3 hit(s), 0 error(s), 2 left on base; Santa Barbara 4 - Brinkley 3
TOP OF THE 6TH
Santa Barbara Golden Cranes batting - Pitching for Brinkley Belugas : RHP Juan Hernández
Batting: RHB John Moss 0-0: Ball
1-0: Ball
2-0: Ball
3-0: Hit by Pitch
Batting: RHB Ed St. James 0-0: Ball
1-0: Bunted foul
1-1: Bunt - Flyout! F1
Batting: LHB Héctor Rivera 0-0: Ball
1-0: Ball
2-0: Swinging Strike
2-1: SINGLE (Groundball, 34D)
John Moss to second
Batting: RHB Luis Trevino 0-0: Called Strike
0-1: Ball
1-1: Foul Ball, location: 2F
1-2: Foul Ball, location: 2F
1-2: Foul Ball, location: 2F
1-2: Foul Ball, location: 2F
1-2: Ball
2-2: Strikes out swinging
Batting: LHB Sixto Álvarez 0-0: Called Strike
0-1: Ball
1-1: Swinging Strike
1-2: Ball
2-2: Fly out, F9 (Flyball, 9D)
Top of the 6th over - 0 run(s), 1 hit(s), 0 error(s), 2 left on base; Santa Barbara 4 - Brinkley 3
BOTTOM OF THE 6TH
Brinkley Belugas batting - Pitching for Santa Barbara Golden Cranes : LHP Marvin Mangin
Batting: RHB Steve Jones 0-0: Ball
1-0: Ball
2-0: Called Strike
2-1: Foul Ball, location: 2F
2-2: Strikes out looking
Batting: RHB Randy Tucker 0-0: Ball
1-0: Fly out, F8 (Flyball, 8LS)
Batting: RHB Enrico Betancourt 0-0: Ball
1-0: Foul Ball, location: 2F
1-1: Foul Ball, location: 2F
1-2: SINGLE (Groundball, 6MD)
Pitching: RHP Ron Yarbrough
Batting: RHB Jay Kidd 0-0: Ball
Enrico Betancourt is caught stealing 2nd base
Bottom of the 6th over - 0 run(s), 1 hit(s), 0 error(s), 0 left on base; Santa Barbara 4 - Brinkley 3
TOP OF THE 7TH
Santa Barbara Golden Cranes batting - Pitching for Brinkley Belugas : RHP Juan Hernández
Batting: RHB Logan Manning 0-0: Swinging Strike
0-1: Swinging Strike
0-2: Strikes out swinging
Batting: RHB Gilbert Graham 0-0: Ball
1-0: Foul Ball, location: 2F
1-1: Swinging Strike
1-2: Foul Ball, location: 2F
1-2: SINGLE (Groundball, 56D)
Pitching: LHP Don Teehan
Batting: RHB Lúcio Sánchez 0-0: Ball
1-0: Foul Ball, location: 2F
1-1: Foul Ball, location: 2F
1-2: Strikes out swinging
Batting: RHB Edmund Gallagher 0-0: Called Strike
0-1: Ball
1-1: Ball
2-1: Fly out, F8 (Line Drive, 8RM)
Top of the 7th over - 0 run(s), 1 hit(s), 0 error(s), 1 left on base; Santa Barbara 4 - Brinkley 3
BOTTOM OF THE 7TH
Brinkley Belugas batting - Pitching for Santa Barbara Golden Cranes : RHP Ron Yarbrough
Batting: RHB Jay Kidd 0-0: SINGLE (Line Drive, 6MD)
Batting: RHB Brandon Cole 0-0: Ball
Wild Pitch!
Jay Kidd to second
1-0: Called Strike
1-1: Ball
2-1: Called Strike
2-2: Strikes out swinging
Batting: LHB Mike Cook 0-0: Called Strike
0-1: Swinging Strike
0-2: Ground out 4-3 (Groundball, 34)
Jay Kidd to third
Batting: RHB Parker Smith 0-0: Ball
1-0: Ball
2-0: Ball
3-0: Called Strike
3-1: Foul Ball, location: 2F
3-2: Foul Ball, location: 2F
3-2: Ground out 1-3 (Groundball, 13S)
Bottom of the 7th over - 0 run(s), 1 hit(s), 0 error(s), 1 left on base; Santa Barbara 4 - Brinkley 3
TOP OF THE 8TH
Santa Barbara Golden Cranes batting - Pitching for Brinkley Belugas : LHP Don Teehan
Batting: RHB John Moss 0-0: Swinging Strike
0-1: Foul Ball, location: 2F
0-2: Ground out 1-3 (Groundball, 13)
Batting: RHB Ed St. James 0-0: Ball
1-0: Called Strike
1-1: Ball
2-1: Swinging Strike
2-2: Strikes out looking
Batting: LHB Héctor Rivera 0-0: Ball
1-0: Swinging Strike
1-1: Foul Ball, location: 2F
1-2: Ball
2-2: Ball
3-2: Fly out, F8 (Flyball, 78M)
Top of the 8th over - 0 run(s), 0 hit(s), 0 error(s), 0 left on base; Santa Barbara 4 - Brinkley 3
BOTTOM OF THE 8TH
Brinkley Belugas batting - Pitching for Santa Barbara Golden Cranes : RHP Ron Yarbrough
Batting: SHB Zuberi Mccray 0-0: Ground out U3 (Groundball, 34)
Batting: LHB Natale Langushi 0-0: Foul Ball, location: 2F
0-1: Ball
1-1: Ball
2-1: Ground out 6-3 (Groundball, 6)
Batting: RHB Steve Jones 0-0: Swinging Strike
0-1: Foul Ball, location: 2F
0-2: Strikes out looking
Bottom of the 8th over - 0 run(s), 0 hit(s), 0 error(s), 0 left on base; Santa Barbara 4 - Brinkley 3
TOP OF THE 9TH
Santa Barbara Golden Cranes batting - Pitching for Brinkley Belugas : LHP Don Teehan
Batting: RHB Luis Trevino 0-0: Ball
1-0: Called Strike
1-1: Swinging Strike
1-2: Ball
2-2: Strikes out looking
Batting: LHB Sixto Álvarez 0-0: Fly out, F8 (Flyball, 8LM)
Batting: RHB Logan Manning 0-0: Ball
1-0: Ball
2-0: Foul Ball, location: 2F
2-1: SINGLE (Line Drive, 6MD)
Batting: RHB Gilbert Graham 0-0: Called Strike
0-1: Foul Ball, location: 2F
0-2: Ball
1-2: Ball
2-2: Foul Ball, location: 2F
2-2: Strikes out swinging
Top of the 9th over - 0 run(s), 1 hit(s), 0 error(s), 1 left on base; Santa Barbara 4 - Brinkley 3
BOTTOM OF THE 9TH
Brinkley Belugas batting - Pitching for Santa Barbara Golden Cranes : RHP Ron Yarbrough
Pitching: RHP Alfredo Martínez
Now at C: Héctor Moreno
Now at 2B: Manny Rosário
Now in LF: Jordan Hollins
Pinch Hitting: LHB Marcos Deleón 0-0: Called Strike
0-1: Ball
1-1: Foul Ball, location: 2F
1-2: Ball
2-2: Hit by Pitch
Pinch Hitting: LHB Eric Porter 0-0: Ball
1-0: Called Strike
1-1: SINGLE (Groundball, 6D)
Marcos Deleón to second
Pinch Hitting: LHB Ubbe van Antwerpen 0-0: Called Strike
0-1: Foul Ball, location: 2F
0-2: Ball
1-2: Fly out, F7 (Flyball, 78M)
Batting: RHB Brandon Cole 0-0: Ball
Throwing error on steal attempt, E2
Marcos Deleón scores
Eric Porter to third
1-0: Intentional Walk
Batting: LHB Mike Cook 0-0: Ball
1-0: Called Strike
1-1: Foul Ball, location: 2F
1-2: Ball
2-2: Foul Ball, location: 2F
2-2: Strikes out looking
Batting: RHB Parker Smith 0-0: Foul Ball, location: 2F
0-1: Ground out 4-3 (Groundball, 4M)
Bottom of the 9th over - 1 run(s), 1 hit(s), 1 error(s), 2 left on base; Santa Barbara 4 - Brinkley 4
TOP OF THE 10TH
Santa Barbara Golden Cranes batting - Pitching for Brinkley Belugas : LHP Don Teehan
Pitching: RHP Bob Roth
Now at 2B: Shawn Hicks
Now in LF: Henry Cameron
Now in CF: Manny Carbajal
Batting: RHB Lúcio Sánchez 0-0: Ball
1-0: Called Strike
1-1: Foul Ball, location: 2F
1-2: Ground out 1-3 (Groundball, 13S)
Batting: RHB Edmund Gallagher 0-0: Foul Ball, location: 2F
0-1: Ball
1-1: Swinging Strike
1-2: Ball
2-2: Ground out 6-3 (Groundball, 6M)
Batting: RHB John Moss 0-0: Called Strike
0-1: Foul Ball, location: 2F
0-2: Strikes out looking
Top of the 10th over - 0 run(s), 0 hit(s), 0 error(s), 0 left on base; Santa Barbara 4 - Brinkley 4
BOTTOM OF THE 10TH
Brinkley Belugas batting - Pitching for Santa Barbara Golden Cranes : RHP Alfredo Martínez
Batting: SHB Zuberi Mccray 0-0: Called Strike
0-1: Fly out, F9 (Flyball, 89D)
Batting: LHB Natale Langushi 0-0: Fly out, F6 (Line Drive, 6)
Pinch Hitting: LHB Mario Nieves 0-0: Swinging Strike
0-1: Swinging Strike
0-2: SINGLE (Line Drive, 4MD)
Pinch Hitting: RHB Kelly Harris 0-0: Swinging Strike
0-1: Ball
1-1: Ground out 3-1 (Groundball, 34)
Bottom of the 10th over - 0 run(s), 1 hit(s), 0 error(s), 1 left on base; Santa Barbara 4 - Brinkley 4
TOP OF THE 11TH
Santa Barbara Golden Cranes batting - Pitching for Brinkley Belugas : RHP Bob Roth
Now in CF: Kelly Harris
Now in RF: Peter Paul
Batting: RHB Ed St. James 0-0: Called Strike
0-1: Ball
1-1: Foul Ball, location: 2F
1-2: Ball
2-2: Strikes out swinging
Batting: LHB Héctor Rivera 0-0: Swinging Strike
0-1: Foul Ball, location: 2F
0-2: Strikes out looking
Batting: LHB Manny Rosário 0-0: Ball
1-0: Foul Ball, location: 2F
1-1: Foul Ball, location: 2F
1-2: Ball
2-2: Ball
3-2: Base on Balls
Batting: RHB Jordan Hollins 0-0: Foul Ball, location: 2F
0-1: Fly out, F8 (Flyball, 8LM)
Top of the 11th over - 0 run(s), 0 hit(s), 0 error(s), 1 left on base; Santa Barbara 4 - Brinkley 4
BOTTOM OF THE 11TH
Brinkley Belugas batting - Pitching for Santa Barbara Golden Cranes : RHP Alfredo Martínez
Pitching: LHP Jim Unknown
Batting: RHB Shawn Hicks 0-0: Swinging Strike
0-1: Foul Ball, location: 2F
0-2: Strikes out swinging
Batting: RHB Henry Cameron 0-0: Ball
1-0: Ball
2-0: Ball
3-0: Called Strike
3-1: Fly out, F7 (Flyball, 7LSF)
Batting: RHB Brandon Cole 0-0: Ball
1-0: Foul Ball, location: 2F
1-1: Swinging Strike
1-2: Fly out, F6 (Line Drive, 6)
Bottom of the 11th over - 0 run(s), 0 hit(s), 0 error(s), 0 left on base; Santa Barbara 4 - Brinkley 4
TOP OF THE 12TH
Santa Barbara Golden Cranes batting - Pitching for Brinkley Belugas : RHP Bob Roth
Pitching: RHP Jim Unknown
Batting: RHB Héctor Moreno 0-0: Ground out 5-3 (Groundball, 56)
Batting: RHB Gilbert Graham 0-0: Called Strike
0-1: Ball
1-1: Ball
2-1: Ground out 6-3 (Groundball, 6)
Batting: RHB Lúcio Sánchez 0-0: Ball
1-0: Ball
2-0: Ball
3-0: Called Strike
3-1: SINGLE (Groundball, 34D)
Batting: RHB Edmund Gallagher 0-0: Ball
1-0: SINGLE (Groundball, 6MD)
Lúcio Sánchez to second
Runner from 2nd tries for 3rd, SAFE, throw made to third
Batting: RHB John Moss 0-0: Called Strike
0-1: Ball
1-1: Fly out, F7 (Flyball, 78M)
Top of the 12th over - 0 run(s), 2 hit(s), 0 error(s), 2 left on base; Santa Barbara 4 - Brinkley 4
BOTTOM OF THE 12TH
Brinkley Belugas batting - Pitching for Santa Barbara Golden Cranes : LHP Jim Unknown
Batting: LHB Mike Cook 0-0: SINGLE (Line Drive, 34D)
Batting: RHB Parker Smith 0-0: Foul Ball, location: 2F
0-1: Foul Ball, location: 2F
0-2: Ball
1-2: Ball
2-2: Foul Ball, location: 2F
2-2: Ground out 5-3 (Groundball, 5S)
Mike Cook to second
Batting: SHB Zuberi Mccray 0-0: Intentional Walk
Batting: LHB Natale Langushi 0-0: Swinging Strike
0-1: Ball
1-1: Called Strike
1-2: Strikes out swinging
Batting: LHB Peter Paul 0-0: SINGLE (Popup, 3D)
Mike Cook to third
Zuberi Mccray to second
Runner from 3rd tries for Home, SAFE, no throw
Saturday, May 26th, 2018 - OOTP Baseball 17.12 Build 75